 Dungeon Crawl Stone Soup version 0.31-a0-1338-gb567cfdca4 (webtiles) character file.

Game seed: 7921014293534938547

80311 Pooter the Marksminotaur (level 15, -29/141 HPs)
             Began as a Minotaur Fighter on Dec 21, 2023.
             Was an Elder of Trog.
             Killed from afar by a deep elf zephyrmancer (39 damage)
             ... with a bolt of lightning
             ... on level 1 of the Elven Halls on Dec 22, 2023.
             The game lasted 02:32:32 (37422 turns).

Pooter the Marksminotaur (Minotaur Fighter)        Turns: 37422, Time: 02:32:32

Health: -29/141    AC: 19    Str: 26    XL:     15   Next: 23%
Magic:  14/14      EV:  6    Int:  5    God:    Trog [****..]
Gold:   998        SH:  0    Dex: 12    Spells: 14/14 levels left

rFire   + + .        a - +0 war axe (heavy)
rCold   + . .        (no shield)
rNeg    . . .        Y - +0 gold dragon scales
rPois   +            c - +2 hat
rElec   .            B - scarf {repulsion}
rCorr   .            (no gloves)
SInv    .            j - +0 pair of boots
Will    +++..        (no amulet) Stlth
                     F - ring of protection from fire
HPRegen 1.43/turn    M - +4 ring of slaying
MPRegen 0.14/turn

%: repel missiles
@: strong-willed, regenerating
A: horns 2, retaliatory headbutt
a: Renounce Religion, Berserk, Trog's Hand, Brothers in Arms


You were on level 1 of the Elven Halls.
You worshipped Trog.
Trog was greatly pleased with you.
You visited 4 branches of the dungeon, and saw 18 of its levels.
You also visited: Ossuary, Bailey and Ice Cave.

You collected 2767 gold pieces.
You spent 1769 gold pieces at shops.

Inventory:

Hand Weapons
 a - a +0 heavy war axe (weapon)
   (You took it off an orc warrior on level 7 of the Dungeon)
 b - a +0 arbalest
   (You found it on level 1 of the Orcish Mines)
 n - a +0 battleaxe
   (You took it off an orc warrior on level 10 of the Dungeon)
 E - a +2 heavy halberd
   (You found it on level 4 of the Lair of Beasts)
 L - a +1 heavy mace
   (You took it off an orc on level 8 of the Dungeon)
 T - a +3 vampiric war axe
   (You took it off an orc warrior on level 9 of the Dungeon)
Missiles
 d - 8 throwing nets {!f}
 z - 28 poisoned darts
 J - 30 boomerangs (quivered)
Armour
 c - a +2 hat (worn)
   (You found it in an ice cave)
 g - a +0 kite shield
   (You found it on level 2 of the Dungeon)
 j - a +0 pair of boots (worn)
   (You found it on level 2 of the Dungeon)
 o - a scarf of harm
   (You found it on level 3 of the Lair of Beasts)
 B - a scarf of repulsion (worn)
   (You found it on level 7 of the Dungeon)
 K - a +1 chain mail of cold resistance
   (You found it on level 3 of the Lair of Beasts)
 U - a +2 plate armour of willpower
   (You took it off an orc warrior on level 9 of the Dungeon)
 Y - +0 gold dragon scales (worn)
   (You bought it in a shop on level 5 of the Dungeon)
 Z - a +0 cloak of cold resistance
   (You found it in an ice cave)
Jewellery
 x - a +6 ring of dexterity
   (You found it on level 6 of the Dungeon)
 C - a ring of resist corrosion
   (You found it on level 9 of the Dungeon)
 F - a ring of protection from fire (left hand)
   (You found it on level 5 of the Lair of Beasts)
 M - a +4 ring of slaying (right hand)
   (You found it on level 9 of the Dungeon)
 N - a ring of positive energy
   (You found it in an ice cave)
 P - a ring of poison resistance
   (You found it on level 3 of the Dungeon)
 Q - a ring of flight
   (You found it in an ice cave)
 S - a ring of see invisible
   (You found it on level 3 of the Dungeon)
Wands
 f - a wand of flame (8)
   (You took it off Jessica on level 3 of the Dungeon)
 u - a wand of paralysis (18)
   (You found it on level 6 of the Dungeon)
 v - a wand of roots (11)
   (You found it on level 5 of the Dungeon)
 A - a wand of light (6)
   (You found it on level 4 of the Dungeon)
 G - a wand of mindburst (19)
   (You found it on level 1 of the Lair of Beasts)
 I - a wand of polymorph (7)
   (You bought it in a shop on level 7 of the Dungeon)
Scrolls
 i - 9 scrolls of identify {@r1}
 l - 3 scrolls of immolation {!r}
 m - 4 scrolls of vulnerability {!r}
 s - a scroll of silence
 t - a scroll of teleportation {@r4}
 w - 5 scrolls of fog
 y - 3 scrolls of poison {!r}
 V - 2 scrolls of revelation
 X - 2 scrolls of fear
Potions
 e - 8 potions of lignification {!q}
 h - a potion of cancellation
 k - 8 potions of curing {@q1}
 p - 3 potions of enlightenment
 q - 2 potions of might
 D - 2 potions of mutation {!q}
 H - 3 potions of heal wounds {@q2}
 O - 3 potions of ambrosia
 R - a potion of haste {@q3}
 W - 4 potions of attraction {!q}
Miscellaneous
 r - a phantom mirror
   (You found it on level 10 of the Dungeon)


   Skills:
 + Level 15.3 Fighting
 - Level 16.0 Axes
 - Level 18.0 Ranged Weapons
 + Level 3.3 Throwing
 * Level 7.0 Armour
 + Level 3.3 Dodging
 - Level 5.2 Shields
 - Level 9.0 Evocations


You had 14 spell levels left.
You didn't know any spells.
Your spell library contained the following spells:

 Spells                   Type           Power      Damage    Failure   Level
 Summon Guardian Golem    Hex/Summ       0%         N/A       100%        3
 Orb of Destruction       Conj           0%         9d5       100%        7
 Spellforged Servitor     Conj/Summ      0%         N/A       100%        7


Dungeon Overview and Level Annotations

Branches:
Dungeon (10/15) Zot: 25030  Temple (0/1) D:4            Lair (5/5) D:9 Zot: 16878
 Shoals (0/4) Lair:3        Snake (0/4) Lair:2        Slime (0/5) Lair:5
    Orc (2/2) D:9 Zot: 5586     Elf (1/3) Orc:2 Zot: 5221 Ossuary (visited)
 Bailey (visited)           IceCv (visited)

Altars:
Cheibriados
Dithmenos
Elyvilon
Gozag
Hepliaklqana
Kikubaaqudgha
Makhleb
Okawaru
Qazlal
Ru
Trog
Vehumet
Wu Jian
The Shining One

Shops:
D:5 [   D:7 *   D:9 !   Orc:2 :(?[   Elf:1 =

Annotations:
D:5 1 runed translucent door, Crazy Yiuf
D:10 1 runed translucent door, RandomusNamus's ghost, journeyman MiWn


Innate Abilities, Weirdness & Mutations

You have a pair of horns on your head.
You reflexively headbutt those who attack you in melee.


Message History

You feel strangely unstable.
The deep elf zephyrmancer mumbles some strange words.
The deep elf zephyrmancer blinks!
The deep elf zephyrmancer casts a spell.
The deep elf zephyrmancer blinks!
The deep elf pyromancer gestures wildly while chanting.
The deep elf pyromancer blinks!
The fire elemental barely misses you. The fire elemental hits you.
The fire elemental burns you! You resist.
The deep elf zephyrmancer mumbles some strange words.
The deep elf zephyrmancer blinks!
The fire elemental hits you. The fire elemental burns you! You resist.
Your surroundings suddenly seem different.
A deep elf zephyrmancer comes into view.
It is wielding the +0 demon blade of Insufficient Pleasure {pain, rN++ Int+4}.
Your skin stops crawling.
You feel less strong-willed.
Your skin crawls.
You feel strong-willed.
The deep elf zephyrmancer casts a spell at you.
The bolt of lightning hits you!!
* * * LOW HITPOINT WARNING * * *
You hear a shout!
The deep elf zephyrmancer hits you but does no damage.
You writhe in agony.
* * * LOW HITPOINT WARNING * * *
Unknown command.
You hit the deep elf zephyrmancer but do no damage.
You headbutt the deep elf zephyrmancer, but do no damage.
The deep elf zephyrmancer gestures at you while chanting.
The bolt of lightning hits you!!
* * * LOW HITPOINT WARNING * * *
Unknown command.
You barely miss the deep elf zephyrmancer.
Your headbutt misses the deep elf zephyrmancer.
The deep elf zephyrmancer mumbles some strange words.
The deep elf zephyrmancer blinks!
Aiming: Fastroot
Press: ? - help, Shift-Dir - straight line, f - deep elf zephyrmancer
Aim: a deep elf zephyrmancer, wielding the +0 demon blade of Insufficient Pleasure {pain, rN++ Int+4} and wearing a +0 leather armour The roots erupt in riotous growth!
Roots grab the deep elf zephyrmancer.
The grasping roots constrict the deep elf zephyrmancer!
You hear a shout!
The deep elf zephyrmancer casts a spell at you.
The bolt of lightning hits you!!
* * * LOW HITPOINT WARNING * * *
You hear a shout!
Unknown command.
The grasping roots constrict the deep elf zephyrmancer!
The deep elf zephyrmancer gestures at you while chanting.
The bolt of lightning hits you!!!
You die...

#.#.# ##.# #...#
##. ..###
#..######...####..
#.##
#.................
..## ##?..## #..
.............#
#### ..§.! #..
...........###
####♣# ..... #♣#.#
#####....###
...#e.##'''##..#.#
#....#
####.......e...#.#
#....# ...e... #@#
#....# #####.e.#
#..# #....#
####...##°# #e.#
#....# .....###EE#
#... .....#
###.#..○#E## .#.##
......#
#.#..○#..###.# ..
#.#...#.#...# ..
##.###.####### .##
##...#..## ...#


You could see a deep elf zephyrmancer (rooted).

Vanquished Creatures
  A deep elf elementalist (Elf:1)
  The ghost of Sonofthefire the Nimble, a journeyman OpSh of Qazlal (Lair:4)
  A white draconian (IceCv)
  Snorg (Lair:3)
  An ettin (Orc:2)
  A fire dragon (Lair:3)
  Harold (D:9)
  An ogre mage (Orc:2)
  3 catoblepae
  4 hydras
  Erolcha (D:9)
  4 dancing weapons (Elf:1)
  The ghost of avis the Nimble, a journeyman FeSu of Gozag (Lair:1)
  A skyshark (Lair:3)
  2 deep elf knights (Elf:1)
  A lindwurm (Lair:4)
  3 deep elf archers (Elf:1)
  An orc knight (Orc:2)
  7 deep elf pyromancers (Elf:1)
  4 deep elf zephyrmancers
  5 oklob plants
  10 orc sorcerers (Orc:2)
  2 manticores (Lair:4)
  A salamander (Lair:2)
  12 elephants
  A cyclops (Orc:2)
  A kobold blastminer (Orc:1)
  2 black mambas
  2 ice statues (IceCv)
  A torpor snail (Lair:3)
  14 cane toads
  5 rime drakes
  2 unseen horrors (D:10)
  4 komodo dragons
  A queen bee (Lair:4)
  A meliai (shapeshifter) (Elf:1)
  3 trolls
  A meliai (Lair:4)
  6 hornets
  5 polar bears
  Prince Ribbit (D:6)
  28 blink frogs
  3 dream sheep (Lair:5)
  13 spriggans (Lair:5)
  Sigmund (D:5)
  An air elemental (Elf:1)
  2 wraiths
  A water elemental (Orc:2)
  51 yaks
  2 wyverns (Lair:4)
  A fire elemental (Elf:1)
  5 basilisks
  A warg (Orc:2)
  2 steam dragons
  Menkaure (D:5)
  2 nagas (Lair:2)
  14 two-headed ogre zombies (D:9)
  An acid dragon (D:10)
  21 water moccasins
  Duvessa (D:5)
  8 black bears
  23 orc warriors
  A sky beast (D:6)
  3 ice beasts
  40 wolves
  4 boggarts (Lair:5)
  10 ogres
  6 centaurs
  2 phantoms
  9 bullfrogs
  2 kobold brigands
  Blork the orc (D:4)
  5 scorpions
  An earth elemental (Elf:1)
  Dowan (D:5)
  9 killer bees
  3 lindwurm simulacra (IceCv)
  6 howler monkeys
  7 electric eels
  6 komodo dragon simulacra (IceCv)
  6 hounds
  A gnoll bouda (D:10)
  A human zombie (D:8)
  14 orc priests
  3 jellies
  Natasha (thrice) (D:4)
  2 iguanas
  Jessica (D:3)
  2 sleepcaps (D:6)
  42 orc wizards
  4 mummies (Ossuary)
  19 gnolls
  8 acid dragon simulacra (IceCv)
  5 adders
  2 shadow imps
  14 white imps
  A howler monkey simulacrum (D:10)
  2 ufetubi (D:5)
  4 steam dragon simulacra (IceCv)
  4 worms
  2 dart slugs
  88 orcs
  7 ball pythons
  8 endoplasms
  8 giant cockroaches
  5 gnoll zombies (Ossuary)
  2 goblins
  11 hobgoblins
  2 jackals (D:1)
  2 quokkas
  3 bats
  4 gnoll skeletons (Ossuary)
  4 goblin skeletons (Ossuary)
  5 goblin zombies (Ossuary)
  9 hobgoblin skeletons (Ossuary)
  5 hobgoblin zombies (Ossuary)
  A jackal zombie (D:8)
  19 kobolds
  3 kobold skeletons (Ossuary)
  4 kobold zombies (Ossuary)
  3 orc skeletons (Ossuary)
  3 orc zombies (Ossuary)
  7 rats
  2 rat skeletons (Ossuary)
  3 rat zombies (Ossuary)
766 creatures vanquished.

Vanquished Creatures (others)
  A human (D:10)
1 creature vanquished.

Grand Total: 767 creatures vanquished

Notes
Turn   | Place    | Note
-------+----------+-------------------------------------------
     0 | D:1      | Pooter the Minotaur Fighter began the quest for the Orb.
     0 | D:1      | Reached XP level 1. HP: 19/19 MP: 0/0
   179 | D:1      | Reached XP level 2. HP: 27/27 MP: 1/1
   556 | D:1      | Reached XP level 3. HP: 33/33 MP: 2/2
   942 | D:2      | Found a stormy altar of Qazlal.
   967 | D:2      | Reached XP level 4. HP: 22/41 MP: 3/3
  1696 | D:3      | Found a bloodstained altar of Trog.
  1701 | D:3      | Became a worshipper of Trog the Wrathful
  1992 | D:3      | Noticed Jessica
  2003 | D:3      | Killed Jessica
  2004 | D:3      | Reached skill level 5 in Axes
  2004 | D:3      | Reached XP level 5. HP: 47/47 MP: 4/4
  2329 | D:4      | Found a glowing golden altar of the Shining One.
  2422 | D:4      | Noticed Natasha
  2429 | D:4      | Killed Natasha
  2429 | D:4      | Reached * piety under Trog
  2430 | D:4      | Reached skill level 1 in Ranged Weapons
  2691 | D:4      | Noticed Natasha
  2702 | D:4      | Killed Natasha
  2703 | D:4      | Reached skill level 5 in Fighting
  2832 | D:4      | Reached skill level 2 in Ranged Weapons
  2907 | D:4      | Found a staircase to the Ecumenical Temple.
  2944 | D:4      | Noticed Blork the orc
  2954 | D:4      | Killed Blork the orc
  2955 | D:4      | Reached XP level 6. HP: 56/56 MP: 5/5
  3021 | D:4      | Found a snail-covered altar of Cheibriados.
  3022 | D:4      | Found a white marble altar of Elyvilon.
  3078 | D:4      | Noticed Natasha
  3086 | D:4      | Killed Natasha
  3360 | D:5      | Entered Level 5 of the Dungeon
  3360 | D:5      | Noticed Sigmund
  3365 | D:5      | Killed Sigmund
  3366 | D:5      | Reached skill level 3 in Ranged Weapons
  3404 | D:5      | Reached XP level 7. HP: 50/61 MP: 6/6
  3523 | D:5      | Noticed Menkaure
  3529 | D:5      | Killed Menkaure
  3530 | D:5      | Reached skill level 4 in Ranged Weapons
  3530 | D:5      | Reached skill level 5 in Shields
  3592 | D:5      | Found a sacrificial altar of Ru.
  3738 | D:5      | Found Tarhunz's Dragon-Slaying Spoils.
  3945 | D:5      | Reached skill level 5 in Ranged Weapons
  3945 | D:5      | Reached XP level 8. HP: 70/70 MP: 7/7
  3980 | D:5      | Noticed Duvessa
  3980 | D:5      | Noticed Dowan
  3986 | D:5      | Killed Dowan
  3987 | D:5      | Killed Duvessa
  4082 | D:5      | Reached ** piety under Trog
  4263 | D:5      | Reached skill level 6 in Ranged Weapons
  4602 | D:5      | Found a runed translucent door.
  4603 | D:5      | Noticed Crazy Yiuf
  4870 | D:6      | Found an iron altar of Okawaru.
  4918 | D:6      | Noticed Prince Ribbit
  4929 | D:6      | Killed Prince Ribbit
  4930 | D:6      | Reached skill level 7 in Ranged Weapons
  4930 | D:6      | Reached XP level 9. HP: 66/79 MP: 8/8
  5056 | D:6      | Reached skill level 10 in Axes
  5063 | D:6      | Reached skill level 8 in Ranged Weapons
  6232 | D:6      | Reached skill level 9 in Ranged Weapons
  6505 | D:7      | Reached XP level 10. HP: 90/90 MP: 9/9
  6775 | D:7      | Found Weeronyrgh's Assorted Antiques.
  6939 | D:7      | Bought a glowing wooden wand for 108 gold pieces
  6939 | D:7      | Bought a scroll of identify for 54 gold pieces
  7098 | D:8      | Found a flagged portal.
  7119 | Bailey   | Entered a bailey
  7263 | Bailey   | Noticed an orc knight
  7328 | D:8      | Found a hazy altar of Hepliaklqana.
  7353 | D:8      | Found a sand-covered staircase.
  7372 | Ossuary  | Entered an ossuary
  8132 | Ossuary  | Reached *** piety under Trog
  9893 | D:8      | Reached **** piety under Trog
  9962 | D:8      | Reached skill level 10 in Ranged Weapons
 11344 | D:8      | Found an opulent altar of Gozag.
 11504 | D:9      | Found a staircase to the Lair.
 11616 | D:9      | Noticed Harold
 11705 | D:9      | Found a shadowy altar of Dithmenos.
 11729 | D:9      | Found Yjea's Distillery.
 11739 | D:9      | Bought a potion of invisibility for 104 gold pieces
 11739 | D:9      | Bought a potion of curing for 39 gold pieces
 11739 | D:9      | Bought a potion of curing for 39 gold pieces
 11739 | D:9      | Bought a potion of haste for 130 gold pieces
 11739 | D:9      | Bought a potion of curing for 39 gold pieces
 12416 | D:9      | Killed Harold
 12544 | D:9      | Found a staircase to the Orcish Mines.
 12717 | D:9      | Reached skill level 11 in Ranged Weapons
 12746 | D:9      | Reached XP level 11. HP: 39/99 MP: 10/10
 12968 | D:9      | Reached skill level 10 in Fighting
 13306 | D:9      | Noticed Erolcha
 13312 | D:9      | Killed Erolcha
 13676 | D:10     | Entered Level 10 of the Dungeon
 13802 | D:7      | Bought a glowing scarf for 216 gold pieces
 14703 | D:10     | Found a runed translucent door.
 14703 | D:10     | Noticed RandomusNamus's ghost (journeyman MiWn)
 14769 | D:10     | Reached skill level 1 in Evocations
 14803 | D:10     | Reached skill level 12 in Ranged Weapons
 14919 | D:10     | Found an ancient bone altar of Kikubaaqudgha.
 15137 | D:10     | Found an ornate altar of the Wu Jian Council.
 15306 | Orc:1    | Entered Level 1 of the Orcish Mines
 16490 | Orc:2    | Entered Level 2 of the Orcish Mines
 16495 | Orc:2    | Reached ***** piety under Trog
 16736 | Orc:2    | Found a staircase to the Elven Halls.
 17428 | Orc:2    | Noticed an orc knight
 17454 | Orc:2    | Killed an orc knight
 17507 | Orc:2    | Noticed an ettin
 17526 | Orc:2    | Killed an ettin
 17564 | Orc:2    | Found a burning altar of Makhleb.
 17760 | Lair:1   | Entered Level 1 of the Lair of Beasts
 17769 | Lair:1   | Reached XP level 12. HP: 83/110 MP: 11/11
 17841 | Lair:1   | Found an ancient bone altar of Kikubaaqudgha.
 17940 | Lair:1   | Reached skill level 13 in Ranged Weapons
 18139 | Lair:1   | Reached skill level 15 in Axes
 18440 | Lair:1   | Found a large runed translucent door.
 18440 | Lair:1   | Found a large runed translucent door.
 18442 | Lair:1   | Noticed avis's ghost (journeyman FeSu)
 18465 | Lair:1   | Killed avis's ghost
 18541 | Lair:1   | Identified the +4 short sword of Demuoj {drain, rElec rCorr
                  | Int-3}
 19195 | Lair:2   | Reached skill level 14 in Ranged Weapons
 19386 | Lair:2   | Found a staircase to the Snake Pit.
 20163 | Lair:3   | Noticed a four-headed hydra
 20173 | Lair:3   | Reached skill level 5 in Evocations
 20173 | Lair:3   | Reached XP level 13. HP: 72/118 MP: 12/12
 20980 | Lair:3   | Noticed Snorg
 20994 | Lair:3   | Killed Snorg
 20995 | Lair:3   | Reached skill level 15 in Ranged Weapons
 21543 | Lair:3   | Found a staircase to the Shoals.
 21835 | Lair:3   | Noticed a fire dragon
 21849 | Lair:3   | Killed a fire dragon
 22264 | D:5      | Bought +0 gold dragon scales for 1040 gold pieces
 23088 | Lair:4   | Reached skill level 16 in Ranged Weapons
 23117 | Lair:4   | Noticed Sonofthefire's ghost (journeyman OpSh)
 23130 | Lair:4   | Found a transporter.
 23591 | Lair:4   | Found a transporter.
 23610 | Lair:4   | Killed Sonofthefire's ghost
 23621 | Lair:4   | Paralysed by a hornet for 2 turns
 23885 | Lair:4   | Reached XP level 14. HP: 92/130 MP: 13/13
 24496 | Lair:5   | Entered Level 5 of the Lair of Beasts
 24744 | Lair:5   | Found a frozen archway.
 24759 | Lair:5   | Reached skill level 17 in Ranged Weapons
 24782 | IceCv    | Entered an ice cave
 27165 | Lair:5   | Found a staircase to the Slime Pits.
 27468 | Lair:5   | Identified the +1 leather armour "Veukhlaff" {Stlth+}
 32184 | Lair:5   | Reached skill level 18 in Ranged Weapons
 32733 | Orc:2    | Paralysed by an orc sorcerer for 2 turns
 32801 | Orc:2    | Paralysed by an orc sorcerer for 4 turns
 33902 | Orc:2    | Found Dewifor's Antique Weapon Shoppe.
 33922 | Orc:2    | Found a radiant altar of Vehumet.
 33935 | Orc:2    | Reached skill level 1 in Throwing
 33935 | Orc:2    | Reached skill level 1 in Dodging
 33959 | Orc:2    | Paralysed by an orc sorcerer for 3 turns
 34248 | Orc:2    | Found an ancient bone altar of Kikubaaqudgha.
 34251 | Orc:2    | HP: 9/184 [orc sorcerer/+1 dagger of venom (9)]
 34625 | Orc:2    | Reached skill level 15 in Fighting
 34625 | Orc:2    | Reached skill level 5 in Armour
 34633 | Orc:2    | Found Maagu's Magic Scroll Emporium.
 34636 | Orc:2    | Found Gech's Book Emporium.
 34692 | Orc:2    | Found Huowoz's Antique Armour Emporium.
 34962 | Elf:1    | Entered Level 1 of the Elven Halls
 34973 | Elf:1    | Noticed a deep elf elementalist
 35188 | Elf:1    | Killed a deep elf elementalist
 35192 | Elf:1    | Paralysed by an air elemental for 1 turns
 35278 | Elf:1    | Reached XP level 15. HP: 94/141 MP: 14/14
 36484 | Elf:1    | Found Hatz's One-of-a-Kind Rings.
 37415 | Elf:1    | Identified the +0 demon blade of Insufficient Pleasure
                  | {pain, rN++ Int+4}
 37422 | Elf:1    | Killed from afar by a deep elf zephyrmancer

Illustrated notes

Levels and vault maps discovered:
D:1:      dpeg_arrival_chambers_temple_mockup, layout_basic
D:2:      layout_loops_ring, basic_altar, serial_bayou_lagoon_b
D:3:      layout_loops_ring, lemuel_doored_altar, minmay_misc_feat_encased,
          minmay_distorted, uniq_jessica
D:4:      layout_basic, amcnicky_altar_gilded, gammafunk_temple_overflow_pools,
          minmay_temple_entry_gardened_gates, uniq_blork_the_orc, uniq_natasha
D:5:      kennysheep_six_static_rooms, layout_cave_pools,
          mainiacjoe_overflow_24_doors, nicolae_shop_dragon_depot,
          dk_noncrumbling_4, uniq_crazy_yiuf_cottage, uniq_menkaure,
          uniq_sigmund, uniq_duvessa
D:6:      layout_basic, nicolae_overflow_crystal_walls, st_stairs_9,
          amcnicky_mini_rare_corridor_liquid, uniq_prince_ribbit1
D:7:      layout_rooms, kennysheep_windowed_goal
D:8:      layout_basic, nicolae_gozag_cash_rules_everything_around_me,
          mainiacjoe_overflow_concentric_impassable, enter_bailey_4,
          enter_ossuary_3, special_room [special_room_orc],
          hangedman_abyss_or_decor_clamps, nicolae_tricolors
D:9:      lemuel_ogre_cave, layout_cave_pools,
          grunt_dithmenos_smoke_and_mirrors, lair_entry_dummy, serial_shops,
          shop, uniq_harold
D:10:     layout_irregular_city, tgw_kikubaaqudgha,
          nicolae_wu_jian_immortal_techniques, hellmonk_ghost_big_iron,
          serial_ice, serial_ice_b, serial_ice_e, serial_ice_m, serial_ice_k,
          minmay_diced_spiral
Lair:1:   layout_cave_shapes, basic_altar, ebering_ghost_disaster_area,
          grunt_megastairs_4, serial_bayou_shore_a, serial_bayou_shore_b
Lair:2:   layout_regular_city, alex1729_snake_entry_snake, serial_bayou_pond_b,
          serial_bayou_shore_b
Lair:3:   dragon1_lemuel, layout_chaotic_city, elwin_shoals_entry_rocks,
          grunt_forest_small_clearings, fungi_pond_lemuel, st_stairs_12,
          chequers_serial_rivers_micro_c, dreamdust_deal_with_the_devil,
          uniq_snorg
Lair:4:   nzn_motion_control, layout_small_grid, gammafunk_ghost_hive,
          dpeg_oklob_1, serial_bayou_shore_b
Lair:5:   minmay_lair_end_enchanted_forest, layout_layer_cave, slime_entry_1,
          portal_ice_cave_entry_imps, minmay_lair_oklob_bushes
Orc:1:    layout_diamond_mine, regret_index_minedec_guest_junction, mines2_david
Orc:2:    kennysheep_orc_mage_school, layout_caves, basic_altar
Elf:1:    minmay_the_grid_triangle_9x9_rhombus_thin_mashed
          [minmay_the_grid_triangle_9x9_descending_squares,
          minmay_the_grid_triangle_9x9_prize_top_heavy,
          minmay_the_grid_triangle_9x9_warning,
          minmay_the_grid_triangle_9x9_sprig], layout_loops_cross,
          kennysheep_underground_church, st_stairs_5, nicolae_shop_unique_rings,
          serial_library_hellmonk_room_b

Skill      XL: |  1  2  3  4  5  6  7  8  9 10 11 12 13 14 15 |
---------------+----------------------------------------------+-----
Axes           | 3 4 5 6 7 9 11 13 14 16 | 16.0
Fighting       | 4 5 6 7 8 9 11 12 13 15 | 15.3
Ranged Weapons | 2 3 5 7 9 11 12 14 16 18 | 18.0
Shields        | 4 5 |  5.2
Evocations     | 2 5 7 8 9 |  9.0
Armour         | 5 7 |  7.0
Throwing       | 2 3 |  3.3
Dodging        | 2 3 |  3.3

Action                     |  1- 3 |  4- 6 |  7- 9 | 10-12 | 13-15 || total
---------------------------+-------+-------+-------+-------+-------++-------
  Melee: War axe           |    76 |    97 |   183 |   502 |   557 ||  1415
         Headbutt          |    13 |    11 |    35 |   109 |   121 ||   289
         Punch             |       |       |     3 |     5 |     7 ||    15
         Mace              |       |       |       |       |    12 ||    12
   Fire: Sling             |       |    31 |       |       |       ||    31
         Shortbow          |       |       |    72 |   258 |       ||   330
         Arbalest          |       |       |       |   106 |   278 ||   384
  Throw: Stone             |       |     2 |     6 |     5 |       ||    13
         Throwing net      |       |     1 |       |       |       ||     1
         Boomerang         |       |       |       |     1 |     5 ||     6
         Dart              |       |       |       |    14 |     9 ||    23
 Invoke: Berserk           |       |     1 |     6 |     9 |    16 ||    32
         Trog's Hand       |       |       |     5 |    22 |    33 ||    60
         Brothers in Arms  |       |       |       |       |     1 ||     1
  Evoke: Wand              |       |     1 |     8 |    23 |    16 ||    48
    Use: Potion            |     1 |       |       |     1 |     6 ||     8
         Scroll            |       |     8 |     2 |    17 |     4 ||    31
   Stab: Invisible         |       |       |     3 |     1 |     5 ||     9
         Paralysed         |       |       |       |     3 |       ||     3
 Armour: Scale mail        |    42 |    70 |    52 |       |       ||   164
         Chain mail        |       |       |   139 |    96 |       ||   235
         Plate armour      |       |       |       |   432 |   171 ||   603
         Skin              |       |       |       |     3 |       ||     3
         Gold dragon scale |       |       |       |       |   804 ||   804
  Dodge: Dodged            |    30 |    28 |    84 |   221 |   177 ||   540
         Repelled          |       |       |     1 |     6 |     8 ||    15
  Block: Buckler           |    25 |       |       |       |       ||    25
         Kite shield       |       |    34 |    19 |       |       ||    53

Table legend: (Time is in decaauts)
 A = Elapsed time spent in this place.
 B = Non-inter-level travel time spent in this place.
 C = Inter-level travel time spent in this place.
 D = Time resting spent in this place.
 E = Time spent auto-exploring this place.
 F = Levels seen in this place.
 G = Mean time per level.
                   A        B        C        D        E       F      G
               +--------+--------+--------+--------+--------+-----+--------+
         Total |  37930 |  36693 |   1237 |  19587 |  11191 |  21 | 1806.2 |
       Dungeon |  13168 |  12474 |    694 |   4511 |   5727 |  10 | 1316.8 |
          Lair |  13121 |  12760 |    361 |   6766 |   4105 |   5 | 2624.2 |
  Orcish Mines |   6413 |   6232 |    181 |   4383 |    909 |   2 | 3206.5 |
   Elven Halls |    777 |    777 |      0 |    392 |    118 |   1 |  777.0 |
       Ossuary |   2530 |   2530 |      0 |   2128 |    234 |   1 | 2530.0 |
        Bailey |    188 |    188 |      0 |    102 |      0 |   1 |  188.0 |
      Ice Cave |   1730 |   1730 |      0 |   1303 |     98 |   1 | 1730.0 |
               +--------+--------+--------+--------+--------+-----+--------+

Top non-repeatable levels by time:
  Lair:5: 6285 daAuts
   Orc:2: 4948 daAuts
 Ossuary: 2530 daAuts
     D:9: 2230 daAuts
  Lair:2: 2122 daAuts
     D:8: 2032 daAuts
  Lair:4: 1883 daAuts
   IceCv: 1730 daAuts
  Lair:3: 1635 daAuts
     D:5: 1540 daAuts
    D:10: 1493 daAuts
     D:6: 1487 daAuts
   Orc:1: 1465 daAuts
  Lair:1: 1194 daAuts
     D:4: 1069 daAuts
